 Dungeon Crawl Stone Soup version 0.31-a0-263-ge8cad7f256 (webtiles) character file.

Game seed: 14127760280673384476

35 qw the Shooter (level 3, -3/21 HPs)
             Began as a Gargoyle Hexslinger on July 13, 2023.
             Killed from afar by Sigmund (13 damage)
             ... with a puff of flame
             ... on level 2 of the Dungeon.
             The game lasted 00:00:33 (677 turns).

qw the Shooter (Gargoyle Hexslinger)                 Turns: 677, Time: 00:00:34

Health: -3/21      AC:  8    Str: 11    XL:     3   Next: 35%
Magic:  4/4        EV: 10    Int: 13    God:
Gold:   38         SH:  0    Dex: 14    Spells: 3/4 levels left

rFire   . . .        Y - +1 sling
rCold   . . .        (no shield)
rNeg    + . .        i - +0 ring mail
rPois   inf          (no helmet)
rElec   +            (no cloak)
rCorr   .            (no gloves)
SInv    .            (no boots)
Will    .....        e - amulet of regeneration Stlth
                     (no ring)
HPRegen 1.03/turn    (no ring)
MPRegen 0.09/turn

%: no passive effects
@: confused
A: sickness immunity, AC +3, negative energy resistance 1, electricity
resistance, torment resistance 1, petrification resistance
a: no special abilities


You were on level 2 of the Dungeon.
You visited 1 branch of the dungeon, and saw 2 of its levels.

You collected 38 gold pieces.


Innate Abilities, Weirdness & Mutations

You are immune to sickness and miasma.
Your stone body is resilient. (AC +3)
You are immune to poison.
You resist negative energy. (rN+)
You are resistant to electric shocks. (rElec)
You are resistant to unholy torment.
You are immune to petrification.


   Skills:
 - Level 2.0 Fighting
 + Level 3.3 Ranged Weapons
 - Level 1.5 Dodging
 - Level 1.0 Spellcasting
 - Level 2.6 Hexes


You had 3 spell levels left.
You knew the following spells:

 Your Spells              Type           Power      Damage    Failure   Level
a - Slow                  Hex            28%        N/A       22%         1

Your spell library contained the following spells:

 Spells                   Type           Power      Damage    Failure   Level
 Inner Flame              Hex/Fire       4%         N/A       75%         3
 Portal Projectile        Hex/Tloc       8%         N/A       75%         3
 Cause Fear               Hex            3%         N/A       92%         4

Inventory:

Hand Weapons
 Y - a +1 sling (weapon)
Armour
 i - a +0 ring mail (worn)
Jewellery
 e - an amulet of regeneration (around neck)
Potions
 f - a potion of resistance {unknown}
 h - a potion of degeneration {unknown}
 j - a potion of cancellation {unknown}
 k - a potion of might {unknown}

Dungeon Overview and Level Annotations

Branches:
Dungeon (2/15)

Altars:

Annotations:
D:2 Sigmund


Message History

Sigmund hits you with a +0 scythe.
You shoot a sling bullet. The sling bullet barely misses Sigmund.
The kobold barely misses you. Sigmund hits you but does no damage.
You shoot a sling bullet. The sling bullet hits Sigmund.
Sigmund is severely wounded.
The kobold hits you but does no damage.
You shoot a sling bullet.
The sling bullet hits Sigmund but does no damage.
Sigmund is severely wounded.
Sigmund hits you with a +0 scythe. The kobold barely misses you.
The kobold hits you but does no damage.
You shoot a sling bullet.
The sling bullet closely misses Sigmund.
Sigmund closely misses you. The kobold hits you but does no damage.
You shoot a sling bullet. The sling bullet hits Sigmund.
Sigmund is severely wounded.
The kobold hits you but does no damage. Sigmund casts a spell at you.
The puff of flame hits you.
You shoot a sling bullet.
The sling bullet closely misses Sigmund.
The kobold barely misses you. Sigmund barely misses you.
The kobold hits you but does no damage.
You shoot a sling bullet.
The sling bullet closely misses Sigmund.
Sigmund casts a spell at you.
You are confused.
The kobold barely misses you. Sigmund casts a spell at you.
You resist with significant effort. The kobold hits you but does no damage.
Sigmund casts a spell.
Sigmund flickers and vanishes!
Deactivating autopickup; reactivate with Ctrl-A.
The kobold barely misses you.
You hear some strange, mumbled words.
A puff of flame appears from out of thin air!
The puff of flame hits you!
Ouch! That really hurt!
You die...

.. #.# ####... ..
.....## ... .......
..## ..... ...#
###{.# ####..##..##
#.@K##### #.....#
#..###.#.......
#.....#
##.##.....#####
#.....###.....##.##
#..........##.##.#
#................#
#..%........###...
#.<.).#####..###.#..
#.%%#.# ##.........


You could see a kobold.

Vanquished Creatures
  3 endoplasms (D:1)
  A giant cockroach (D:1)
  5 hobgoblins
  11 jackals
  A ball python (D:1)
  A bat (D:1)
  A frilled lizard (D:1)
  3 goblins
  A kobold (D:1)
  2 rats (D:1)
29 creatures vanquished.

Notes
Turn   | Place    | Note
-------+----------+-------------------------------------------
     0 | D:1      | qw the Gargoyle Hexslinger began the quest for the Orb.
     0 | D:1      | Reached XP level 1. HP: 12/12 MP: 2/2
     0 | D:1      | 0 ||| qw: Version: 0.3-a-52-g30416fa
     0 | D:1      | 0 ||| qw: Game counter: 7154
     0 | D:1      | 0 ||| qw: Melee chars always use a shield: true
     0 | D:1      | 0 ||| qw: God list: Okawaru
     0 | D:1      | 0 ||| qw: Allow faded altars: false
     0 | D:1      | 0 ||| qw: Do Orc after clearing Dungeon:15 true
     0 | D:1      | 0 ||| qw: Do second Lair branch before Depths: true
     0 | D:1      | 0 ||| qw: Lair rune preference: random
     0 | D:1      | 0 ||| qw: Goals: Normal
     0 | D:1      | 0 ||| PLANNING D:1-11
    45 | D:1      | Reached XP level 2. HP: 8/16 MP: 3/3
   229 | D:1      | Reached skill level 3 in Ranged Weapons
   444 | D:1      | 444 ||| UPGRADING to +0 ring mail.
   454 | D:1      | 454 ||| DROPPING +0 robe.
   455 | D:1      | 455 ||| UPGRADING to amulet of regeneration.
   460 | D:1      | 460 ||| READING scroll labelled DATIMUA ARGHAS.
   461 | D:1      | 461 ||| READING scroll labelled YLULAL ETIACU.
   462 | D:1      | 462 ||| DROPPING scroll of poison.
   485 | D:2      | Reached XP level 3. HP: 21/21 MP: 4/4
   523 | D:2      | 523 ||| STAIRDANCE
   527 | D:2      | 527 ||| STAIRDANCE
   531 | D:2      | 531 ||| STAIRDANCE
   535 | D:2      | 535 ||| STAIRDANCE
   539 | D:2      | 539 ||| STAIRDANCE
   543 | D:2      | 543 ||| STAIRDANCE
   547 | D:2      | 547 ||| STAIRDANCE
   551 | D:2      | 551 ||| STAIRDANCE
   555 | D:2      | 555 ||| STAIRDANCE
   559 | D:2      | 559 ||| STAIRDANCE
   563 | D:2      | 563 ||| STAIRDANCE
   567 | D:2      | 567 ||| STAIRDANCE
   571 | D:2      | 571 ||| STAIRDANCE
   575 | D:2      | 575 ||| STAIRDANCE
   579 | D:2      | 579 ||| STAIRDANCE
   583 | D:2      | 583 ||| STAIRDANCE
   587 | D:2      | 587 ||| STAIRDANCE
   591 | D:2      | 591 ||| STAIRDANCE
   595 | D:2      | 595 ||| STAIRDANCE
   599 | D:2      | 599 ||| STAIRDANCE
   658 | D:2      | Noticed Sigmund
   671 | D:2      | HP: 5/21 [Sigmund/+0 scythe (6)]
   677 | D:2      | Killed from afar by Sigmund

Levels and vault maps discovered:
D:1:      spicycebolla_arrival_ecumenical, layout_rooms
D:2:      layout_rooms, uniq_sigmund, uniq_robin

Skill      XL: |  1  2 |
---------------+-------+-----
Ranged Weapons | 3 |  3.3
Fighting       | 2 |  2.0
Dodging        | |  1.5
Spellcasting   | |  1.0
Hexes          | |  2.6

Action                     || total
---------------------------++-------
   Fire: Sling             ||   132
    Use: Scroll            ||     2
 Armour: Robe              ||    11
         Ring mail         ||    79
  Dodge: Dodged            ||   113

Table legend:
 A = Non-vault XP
 B = Vault XP
 C = Vault XP percentage of total XP
 D = Non-vault monster count
 E = Vault monster count
 F = Vault count percentage of total count
                 A         B        C        D         E       F
            +---------+---------+-------+---------+---------+-------
      Total |      51 |       0 |   0.0 |      29 |       0 |   0.0
            +---------+---------+-------+---------+---------+-------
        D:1 |      33 |       0 |   0.0 |      20 |       0 |   0.0
        D:2 |      18 |       0 |   0.0 |       9 |       0 |   0.0
            +---------+---------+-------+---------+---------+-------
